 Dungeon Crawl Stone Soup version 0.28.0-53-g5a82cb258f (webtiles) character file.

Game seed: 4642742120604367950

1514 adizb the Cleaver (level 8, 0/67 (73) HPs)
             Began as a Minotaur Fighter on July 20, 2022.
             Was a Believer of Okawaru.
             Slain by a wight
             ... wielding a +3 scimitar
              (2 damage)
             ... on level 6 of the Dungeon.
             The game lasted 00:19:18 (3962 turns).

adizb the Cleaver (Minotaur Fighter)                Turns: 3962, Time: 00:19:18

HP:   0/67 (73)     AC: 10    Str: 20    XL:     8   Next: 53%
MP:   7/7           EV:  7    Int:  5    God:    Okawaru [**....]
Gold: 273           SH:  5    Dex: 13    Spells: 7/7 levels left

rFire   . . .      SeeInvis .   a - +0 war axe
rCold   . . .      Faith    .   c - +0 buckler
rNeg    . . .      Spirit   .   o - +0 chain mail
rPois   .          Reflect  .   (helmet restricted)
rElec   .          Harm     .   e - +0 cloak
rCorr   .          Rampage  .   (no gloves)
Will    .....                   (no boots)
Stlth   ..........              (no amulet)
HPRegen 0.21/turn               (no ring)
MPRegen 0.10/turn               (no ring)

@: drained
A: horns 2, retaliatory headbutt
a: Renounce Religion, Heroism


You were on level 6 of the Dungeon.
You worshipped Okawaru.
Okawaru was pleased with you.
You visited 2 branches of the dungeon, and saw 7 of its levels.

You collected 273 gold pieces.

Inventory:

Hand Weapons
 a - a +0 war axe (weapon)
 h - a +0 antimagic flail
 k - a +4 flail
Missiles
 i - 2 javelins
 m - a boomerang (quivered)
Armour
 c - a +0 buckler (worn)
 e - a +0 cloak (worn)
 o - a +0 chain mail (worn)
Wands
 q - a wand of acid (1)
Scrolls
 b - a scroll of vulnerability {unknown}
 d - 3 scrolls of enchant weapon {unknown}
 f - a scroll of enchant armour {unknown}
 g - 2 scrolls of amnesia {unknown}
 j - 2 scrolls of teleportation
 l - a scroll of blinking
Potions
 n - a potion of invisibility
 p - a potion of resistance {unknown}


   Skills:
 + Level 7.4 Fighting
 * Level 9.5 Axes
 + Level 4.7 Throwing
 - Level 3.6 Armour
 - Level 3.6 Shields
 + Level 0.8 Invocations


You had 7 spell levels left.
You didn't know any spells.
Your spell library contained the following spells:

 Spells                   Type           Power      Damage    Failure   Level
 Beastly Appendage        Tmut           0%         N/A       100%        1
 Pain                     Necr           0%         1d4       100%        1
 Shock                    Conj/Air       0%         1d3       100%        1
 Wereblood                Tmut           0%         N/A       100%        2
 Spider Form              Tmut/Pois      0%         N/A       100%        3
 Swiftness                Air            0%         N/A       100%        3
 Vampiric Draining        Necr           0%         2d6       100%        3
 Airstrike                Air            0%         N/A       100%        4
 Lightning Bolt           Conj/Air       0%         1d11      100%        5
 Animate Skeleton         Necr           Unusable   N/A       N/A         1
 Summon Lightning Spire   Summ/Air       Unusable   N/A       N/A         4

Dungeon Overview and Level Annotations

Branches:
Dungeon (6/15)             Temple (1/1) D:4

Altars:
Ashenzari
Cheibriados
Dithmenos
Elyvilon
Fedhas
Hepliaklqana
Kikubaaqudgha
Makhleb
Nemelex Xobeh
Okawaru
Qazlal
Ru
Sif Muna
Trog
Uskayaw
Vehumet
Wu Jian
Xom
Yredelemnul
The Shining One


Innate Abilities, Weirdness & Mutations

You have a pair of horns on your head.
You reflexively headbutt those who attack you in melee.


Message History

Your life force feels restored.
A wight comes into view. It is wielding a +3 scimitar.
Things that are here:
a +4 flail; a +0 robe
k - a +4 flail Throw: boomerang
Press: ? - help, Q - select action, (/) - cycle Shift-Dir - straight line, f - wight
Aim: a wight, wielding a +3 scimitar and wearing a +0 robe (63% to hit)
You throw a boomerang. The boomerang hits the wight!
The wight is severely damaged.
Throw: boomerang
Press: ? - help, Q - select action, (/) - cycle Shift-Dir - straight line, f/p - wight
Aim: a wight, wielding a +3 scimitar and wearing a +0 robe (severely damaged, 63% to hit)
You throw a boomerang. The boomerang closely misses the wight.
You are too injured to fight recklessly!
You closely miss the wight.
The wight is severely damaged.
The wight hits you with a +3 scimitar.
You feel drained.
You barely miss the wight.
The wight is severely damaged.
The wight hits you with a +3 scimitar!
You feel drained.
* * * LOW HITPOINT WARNING * * *
You closely miss the wight. Your headbutt misses the wight.
The wight is severely damaged.
You block the wight's attack.
You closely miss the wight.
You headbutt the wight, but do no damage.
The wight is severely damaged.
The wight hits you with a +3 scimitar.
* * * LOW HITPOINT WARNING * * *
You hit the wight but do no damage.
The wight is severely damaged.
The wight hits you with a +3 scimitar.
* * * LOW HITPOINT WARNING * * *
You barely miss the wight.
The wight is severely damaged.
The wight hits you with a +3 scimitar!
* * * LOW HITPOINT WARNING * * *
You feel drained.
You die...

##...8.#..## #......#
##...##...#####......#
#### ##....)......รท.#
>...#....####......#
#.......## #......#
.....#...# #......#
#........# #......#
#.#.....[###########
..........@.#
##.##......z# .
#.##...... #..
####..... #..# ##.....
#.# ..... .... ####


You could see a wight.

Vanquished Creatures
  The ghost of Lennethare the Conjurer, a novice OgCj of Vehumet (D:5)
  A water moccasin (D:6)
  An orc warrior (D:5)
  2 ogres (D:6)
  2 necrophages (D:5)
  A water moccasin skeleton (D:5)
  3 wights (D:6)
  5 hounds
  2 bullfrog skeletons (D:5)
  2 iguanas (D:3)
  4 adders
  A white imp (D:4)
  A worm (D:2)
  4 dart slugs
  5 orcs
  5 ball pythons
  6 endoplasms
  4 giant cockroaches
  8 goblins
  7 hobgoblins
  3 jackals (D:2)
  2 quokkas
  3 bats
  3 frilled lizards (D:2)
  2 kobolds
  4 rats
82 creatures vanquished.

Notes
Turn   | Place    | Note
-------+----------+-------------------------------------------
     0 | D:1      | adizb the Minotaur Fighter began the quest for the Orb.
     0 | D:1      | Reached XP level 1. HP: 19/19 MP: 0/0
     5 | D:1      | Noticed a seven-headed hydra
   249 | D:1      | Reached skill level 3 in Axes
   251 | D:1      | Reached XP level 2. HP: 24/27 MP: 1/1
   743 | D:2      | Reached XP level 3. HP: 26/33 MP: 2/2
   834 | D:2      | You fall into a shaft and drop 1 floor!
   906 | D:2      | Reached skill level 4 in Axes
  1080 | D:2      | Found a faded altar of an unknown god.
  1567 | D:3      | Reached XP level 4. HP: 15/41 MP: 3/3
  1803 | D:3      | Reached skill level 5 in Axes
  1803 | D:3      | Reached skill level 1 in Throwing
  1814 | D:4      | Reached XP level 5. HP: 33/47 MP: 4/4
  1814 | D:4      | Found a staircase to the Ecumenical Temple.
  1834 | Temple   | Entered the Ecumenical Temple
  2263 | Temple   | Became a worshipper of Warmaster Okawaru
  2536 | D:4      | Reached skill level 5 in Fighting
  2804 | D:5      | Entered Level 5 of the Dungeon
  2842 | D:5      | Found a runed translucent gate.
  2842 | D:5      | Found a runed translucent gate.
  2842 | D:5      | Found a runed translucent gate.
  2843 | D:5      | Noticed Lennethare's ghost (novice OgCj)
  2851 | D:5      | Noticed a necrophage
  2858 | D:5      | Killed a necrophage
  2859 | D:5      | Reached skill level 6 in Axes
  2859 | D:5      | Reached XP level 6. HP: 55/56 MP: 5/5
  2918 | D:5      | Reached * piety under Okawaru
  3196 | D:5      | Reached skill level 7 in Axes
  3196 | D:5      | Reached XP level 7. HP: 41/62 MP: 6/6
  3203 | D:5      | Killed Lennethare's ghost
  3203 | D:5      | Reached ** piety under Okawaru
  3204 | D:5      | Reached skill level 8 in Axes
  3205 | D:5      | Reached XP level 8. HP: 21/71 MP: 7/7
  3495 | D:5      | Reached skill level 9 in Axes
  3918 | D:6      | Found a bloodstained altar of Trog.
  3962 | D:6      | HP: 2/69 [wight/+3 scimitar (10)]
  3962 | D:6      | Slain by a wight

Illustrated notes

Levels and vault maps discovered:
D:1:      sevenhm_arrival_forest_fort_small_2, layout_basic
D:2:      minmay_diamond_boxcup, layout_loops_ring,
          hellmonk_ecumenical_altar_inner_sanctum, minmay_strange_pillars
D:3:      layout_rooms
D:4:      layout_loops_ring, minmay_temple_entry_water_ring
D:5:      layout_rooms, gammafunk_ghost_split, grunt_decor_clamped
D:6:      layout_rooms, trog_antimagical
Temple:   mainiacjoe_temple_bowtie_tessellation

Skill      XL: |  1  2  3  4  5  6  7  8 |
---------------+-------------------------+-----
Axes           | 3 4 5 6 7 8 9 |  9.5
Fighting       | 4 5 6 7 |  7.4
Throwing       | 1 2 4 |  4.7
Armour         | |  3.6
Shields        | |  3.6
Invocations    | |  0.8

Action                   |  1- 3 |  4- 6 |  7- 9 || total
-------------------------+-------+-------+-------++-------
Melee: War axe           |    90 |    83 |    35 ||   208
       Headbutt          |    18 |    17 |     8 ||    43
Throw: Boomerang         |     5 |     8 |    14 ||    27
       Javelin           |       |       |     2 ||     2
Evoke: Wand              |       |     3 |     3 ||     6
  Use: Potion            |     1 |       |     2 ||     3
       Scroll            |       |     2 |     1 ||     3
Armor: Scale mail        |    43 |    29 |       ||    72
       Chain mail        |       |    24 |    13 ||    37
Dodge: Dodged            |    29 |    33 |    12 ||    74
Block: Buckler           |    14 |    11 |     8 ||    33
